[ PARTIDA AOE2 · #466202346 ]
UnrankedFrancos vs Muisca
Equipo del jugador · DERR
[ ANÁLISIS DE REPETICIÓN · EXTRAÍDO DE LA PARTIDA GRABADA ]
Feudal
15:34
Castillos
19:54
Imperial
41:44
| APM promedio | 22.8 |
| APM pico | 47 |
| eAPM promedio | 12.3 |
| Aldeanos / militares | 123 / 144 |
Foco
⚔️ 31.7% · 🌾 68.3%
Throwing Axeman ×96 · Spearman ×26 · Knight ×20 · Fishing Ship ×14 · Trebuchet (Packed) ×2
Feudal
14:08
Castillos
17:45
Imperial
37:29
| APM promedio | 22.8 |
| APM pico | 51 |
| eAPM promedio | 12.8 |
| Aldeanos / militares | 109 / 26 |
Foco
⚔️ 31.1% · 🌾 68.9%
Unknown (2586) ×59 · Petard ×14 · Fishing Ship ×5 · Battering Ram ×5 · Monk ×4 · Unknown (2550) ×4
Feudal
15:33
Castillos
21:57
Imperial
36:57
| APM promedio | 26.4 |
| APM pico | 62 |
| eAPM promedio | 14.5 |
| Aldeanos / militares | 158 / 41 |
Foco
⚔️ 27.5% · 🌾 72.5%
Berserk ×34 · Fishing Ship ×10 · Fire Galley ×7
Feudal
12:20
Castillos
16:59
Imperial
34:10
| APM promedio | 29.5 |
| APM pico | 55 |
| eAPM promedio | 19.6 |
| Aldeanos / militares | 189 / 416 |
Foco
⚔️ 22.7% · 🌾 77.3%
Knight ×266 · Scout Cavalry ×147 · Fishing Ship ×8 · Spearman ×3
Feudal
11:19
Castillos
20:52
Imperial
37:19
| APM promedio | 30.1 |
| APM pico | 63 |
| eAPM promedio | 15.9 |
| Aldeanos / militares | 251 / 159 |
Foco
⚔️ 23.3% · 🌾 76.7%
Knight ×77 · Cavalry Archer ×61 · Tarkan ×17 · Scout Cavalry ×4
Feudal
13:37
Castillos
18:11
Imperial
39:02
| APM promedio | 49.5 |
| APM pico | 85 |
| eAPM promedio | 25.3 |
| Aldeanos / militares | 209 / 283 |
Foco
⚔️ 23.9% · 🌾 76.1%
Knight ×149 · Hand Cannoneer ×109 · Conquistador ×19 · Fishing Ship ×6 · Trebuchet (Packed) ×4 · Scout Cavalry ×2
Feudal
13:49
Castillos
18:49
Imperial
37:52
| APM promedio | 17.3 |
| APM pico | 56 |
| eAPM promedio | 12.0 |
| Aldeanos / militares | 74 / 115 |
Foco
⚔️ 22.8% · 🌾 77.2%
Spearman ×84 · Huskarl ×31 · Fishing Ship ×6
Feudal
12:21
Castillos
25:55
Imperial
45:31
| APM promedio | 34.3 |
| APM pico | 91 |
| eAPM promedio | 17.3 |
| Aldeanos / militares | 167 / 60 |
Foco
⚔️ 20.3% · 🌾 79.7%
Scout Cavalry ×30 · Galley ×16 · Mangudai ×6 · Fishing Ship ×4 · Trebuchet (Packed) ×4 · Monk ×2
Mapa de la partida
Recursos iniciales + cada clic de construcción. Líneas = muros · curvas = relieve. ◆ oro · ⬟ piedra · ● bayas · ✦ reliquia · ◌ hueco del cierre
Inputs por minuto
— AOE2 GENERAL - - DaDong
Build order — AOE2 GENERAL
Primeras 150 de 386 acciones detectadas
| 1:06 | Construir | Dock |
| 1:09 | Construir | House |
| 1:11 | Construir | House |
| 1:47 | Construir | Town Center |
| 3:48 | Crear | Villager (Male) |
| 3:48 | Crear | Villager (Male) |
| 3:48 | Crear | Villager (Male) |
| 3:48 | Crear | Villager (Male) |
| 3:49 | Crear | Villager (Male) |
| 4:45 | Investigar | Loom |
| 5:08 | Crear | Villager (Male) |
| 5:08 | Crear | Villager (Male) |
| 5:29 | Crear | Villager (Male) |
| 5:29 | Crear | Villager (Male) |
| 5:33 | Investigar | Loom |
| 6:02 | Crear | Villager (Male) |
| 6:29 | Crear | Fishing Ship |
| 6:38 | Crear | Villager (Male) |
| 7:25 | Crear | Fishing Ship |
| 7:25 | Crear | Fishing Ship |
| 7:29 | Crear | Villager (Male) |
| 7:59 | Crear | Villager (Male) |
| 7:59 | Crear | Villager (Male) |
| 8:03 | Construir | House |
| 8:03 | Construir | House |
| 8:16 | Crear | Villager (Male) |
| 8:21 | Crear | Fishing Ship |
| 8:36 | Crear | Villager (Male) |
| 8:43 | Construir | House |
| 9:15 | Crear | Villager (Male) |
| 9:20 | Crear | Fishing Ship |
| 9:20 | Crear | Fishing Ship |
| 9:52 | Crear | Villager (Male) |
| 9:52 | Crear | Villager (Male) |
| 9:53 | Crear | Villager (Male) |
| 9:53 | Crear | Villager (Male) |
| 10:01 | Construir | Mill |
| 10:16 | Crear | Fishing Ship |
| 10:17 | Crear | Fishing Ship |
| 10:29 | Crear | Villager (Male) |
| 10:46 | Crear | Fishing Ship |
| 10:49 | Crear | Villager (Male) |
| 11:07 | Crear | Fishing Ship |
| 11:40 | Construir | Mining Camp |
| 11:48 | Construir | House |
| 11:48 | Construir | House |
| 11:49 | Construir | House |
| 11:49 | Construir | House |
| 11:50 | Construir | House |
| 11:57 | Construir | House |
| 12:01 | Crear | Villager (Male) |
| 12:04 | Crear | Fishing Ship |
| 12:32 | Crear | Villager (Male) |
| 12:57 | Crear | Villager (Male) |
| 13:03 | Construir | Lumber Camp |
| 13:09 | Construir | House |
| 13:24 | Investigar | Feudal Age |
| 13:24 | Investigar | Feudal Age |
| 14:54 | Crear | Villager (Male) |
| 14:55 | Crear | Villager (Male) |
| 14:55 | Crear | Villager (Male) |
| 14:55 | Crear | Villager (Male) |
| 15:11 | Construir | Mining Camp |
| 15:34 | Edad | Edad Feudal |
| 15:44 | Construir | Blacksmith |
| 15:48 | Construir | Market |
| 16:35 | Construir | Barracks |
| 16:47 | Construir | Building 796 |
| 16:57 | Investigar | Castle Age |
| 16:57 | Investigar | Castle Age |
| 17:08 | Construir | House |
| 17:15 | Construir | Farm |
| 17:32 | Construir | Stable |
| 17:54 | Construir | House |
| 17:54 | Construir | House |
| 17:54 | Construir | House |
| 17:55 | Construir | House |
| 18:01 | Crear | Spearman |
| 18:02 | Crear | Spearman |
| 18:03 | Crear | Spearman |
| 19:02 | Crear | Villager (Male) |
| 19:02 | Crear | Villager (Male) |
| 19:03 | Crear | Villager (Male) |
| 19:04 | Crear | Villager (Male) |
| 19:29 | Investigar | Double-Bit Axe |
| 19:29 | Investigar | Double-Bit Axe |
| 19:32 | Investigar | Stone Mining |
| 19:41 | Construir | Farm |
| 19:41 | Construir | Farm |
| 19:54 | Edad | Edad de los Castillos |
| 20:07 | Construir | Town Center |
| 20:12 | Crear | Villager (Male) |
| 20:26 | Crear | Knight |
| 20:26 | Crear | Knight |
| 20:56 | Crear | Knight |
| 20:56 | Crear | Knight |
| 21:00 | Crear | Villager (Male) |
| 21:01 | Crear | Villager (Male) |
| 22:09 | Crear | Villager (Male) |
| 22:09 | Crear | Villager (Male) |
| 22:10 | Crear | Villager (Male) |
| 22:11 | Crear | Villager (Male) |
| 22:11 | Crear | Villager (Male) |
| 22:34 | Construir | Farm |
| 22:35 | Construir | Farm |
| 22:35 | Construir | Farm |
| 22:35 | Construir | Farm |
| 23:04 | Construir | Castle |
| 23:13 | Crear | Knight |
| 23:14 | Crear | Knight |
| 23:15 | Crear | Villager (Male) |
| 23:15 | Crear | Villager (Male) |
| 23:29 | Crear | Villager (Male) |
| 23:32 | Crear | Fishing Ship |
| 23:33 | Crear | Fishing Ship |
| 23:37 | Crear | Fishing Ship |
| 23:57 | Crear | Villager (Male) |
| 23:57 | Crear | Villager (Male) |
| 24:00 | Crear | Villager (Male) |
| 24:10 | Construir | Farm |
| 24:14 | Construir | Farm |
| 24:19 | Construir | Farm |
| 24:24 | Construir | Farm |
| 24:26 | Crear | Villager (Male) |
| 24:27 | Crear | Villager (Male) |
| 24:29 | Crear | Villager (Male) |
| 24:41 | Construir | Farm |
| 24:46 | Construir | Stable |
| 24:54 | Crear | Villager (Male) |
| 24:54 | Crear | Villager (Male) |
| 25:02 | Construir | House |
| 25:02 | Construir | House |
| 25:02 | Construir | House |
| 25:03 | Construir | House |
| 25:03 | Construir | House |
| 25:11 | Crear | Villager (Male) |
| 25:12 | Crear | Villager (Male) |
| 25:33 | Crear | Villager (Male) |
| 25:34 | Crear | Villager (Male) |
| 25:34 | Crear | Villager (Male) |
| 26:09 | Crear | Villager (Male) |
| 26:09 | Crear | Villager (Male) |
| 26:10 | Crear | Villager (Male) |
| 26:10 | Crear | Villager (Male) |
| 26:11 | Crear | Villager (Male) |
| 26:21 | Construir | Town Center |
| 26:53 | Investigar | Scale Barding Armor |
| 26:53 | Investigar | Forging |
| 26:53 | Investigar | Forging |
| 26:56 | Crear | Knight |
Build order — DaDong
Primeras 150 de 354 acciones detectadas
| 0:55 | Construir | Dock |
| 1:09 | Construir | Town Center |
| 1:37 | Construir | House |
| 2:56 | Crear | Villager (Male) |
| 3:08 | Crear | Villager (Male) |
| 3:41 | Crear | Villager (Male) |
| 4:04 | Crear | Fishing Ship |
| 4:04 | Crear | Fishing Ship |
| 4:22 | Crear | Villager (Male) |
| 4:22 | Crear | Villager (Male) |
| 4:22 | Crear | Villager (Male) |
| 4:37 | Crear | Villager (Male) |
| 5:02 | Construir | House |
| 5:07 | Investigar | Loom |
| 5:31 | Crear | Villager (Male) |
| 5:52 | Crear | Villager (Male) |
| 5:57 | Construir | House |
| 6:15 | Crear | Villager (Male) |
| 6:48 | Crear | Villager (Male) |
| 7:06 | Crear | Fishing Ship |
| 7:21 | Crear | Villager (Male) |
| 7:40 | Crear | Villager (Male) |
| 7:58 | Crear | Villager (Male) |
| 8:13 | Construir | Settlement |
| 8:19 | Crear | Villager (Male) |
| 8:28 | Construir | House |
| 8:51 | Crear | Villager (Male) |
| 9:22 | Construir | Settlement |
| 9:27 | Crear | Villager (Male) |
| 9:28 | Crear | Villager (Male) |
| 9:28 | Crear | Villager (Male) |
| 9:28 | Crear | Villager (Male) |
| 9:36 | Crear | Fishing Ship |
| 9:43 | Crear | Villager (Male) |
| 10:45 | Crear | Fishing Ship |
| 11:26 | Crear | Villager (Male) |
| 11:58 | Investigar | Feudal Age |
| 12:11 | Construir | Settlement |
| 14:08 | Edad | Edad Feudal |
| 14:11 | Construir | Blacksmith |
| 14:13 | Construir | Market |
| 14:14 | Crear | Villager (Male) |
| 14:15 | Crear | Villager (Male) |
| 14:47 | Investigar | Double-Bit Axe |
| 15:05 | Investigar | Castle Age |
| 15:31 | Investigar | Horse Collar |
| 16:09 | Construir | Barracks |
| 16:27 | Investigar | Gold Mining |
| 17:14 | Construir | Barracks |
| 17:45 | Edad | Edad de los Castillos |
| 17:50 | Construir | Town Center |
| 17:53 | Investigar | Bow Saw |
| 17:54 | Crear | Villager (Male) |
| 17:59 | Construir | Farm |
| 18:02 | Construir | Farm |
| 18:06 | Crear | Villager (Male) |
| 18:09 | Investigar | Scale Mail Armor |
| 18:24 | Crear | Unit 2586 |
| 18:24 | Crear | Unit 2586 |
| 18:24 | Crear | Unit 2586 |
| 18:24 | Crear | Unit 2586 |
| 18:26 | Investigar | Squires |
| 19:05 | Crear | Villager (Male) |
| 19:05 | Crear | Villager (Male) |
| 19:13 | Construir | Town Center |
| 19:17 | Investigar | Heavy Plow |
| 19:24 | Crear | Villager (Male) |
| 19:28 | Construir | Farm |
| 19:44 | Crear | Unit 2586 |
| 19:49 | Construir | Farm |
| 19:53 | Crear | Villager (Male) |
| 20:19 | Crear | Villager (Male) |
| 20:19 | Crear | Villager (Male) |
| 20:26 | Construir | Siege Workshop |
| 20:37 | Crear | Unit 2586 |
| 20:38 | Crear | Unit 2586 |
| 20:41 | Construir | Farm |
| 21:11 | Investigar | Forging |
| 21:20 | Crear | Villager (Male) |
| 21:23 | Construir | Farm |
| 21:24 | Construir | Farm |
| 21:25 | Construir | Farm |
| 21:45 | Crear | Villager (Male) |
| 21:49 | Construir | Farm |
| 21:50 | Construir | Farm |
| 21:50 | Construir | Farm |
| 21:50 | Construir | Farm |
| 21:50 | Construir | Farm |
| 21:51 | Construir | Farm |
| 21:51 | Construir | Farm |
| 21:51 | Construir | Farm |
| 22:21 | Crear | Villager (Male) |
| 22:22 | Crear | Villager (Male) |
| 22:22 | Crear | Villager (Male) |
| 22:28 | Construir | Farm |
| 22:34 | Construir | House |
| 22:35 | Construir | House |
| 22:35 | Construir | House |
| 22:36 | Construir | House |
| 22:36 | Construir | House |
| 22:36 | Construir | House |
| 22:36 | Construir | House |
| 22:37 | Construir | House |
| 22:38 | Construir | House |
| 22:38 | Construir | House |
| 22:52 | Crear | Villager (Male) |
| 22:52 | Crear | Villager (Male) |
| 22:53 | Crear | Villager (Male) |
| 23:04 | Construir | Monastery |
| 23:09 | Crear | Battering Ram |
| 23:09 | Crear | Battering Ram |
| 23:14 | Crear | Unit 2586 |
| 23:14 | Crear | Unit 2586 |
| 23:14 | Crear | Unit 2586 |
| 23:14 | Crear | Unit 2586 |
| 23:16 | Crear | Villager (Male) |
| 23:20 | Construir | Farm |
| 23:31 | Crear | Villager (Male) |
| 23:38 | Crear | Battering Ram |
| 23:49 | Crear | Villager (Male) |
| 23:49 | Crear | Villager (Male) |
| 23:50 | Crear | Villager (Male) |
| 23:54 | Crear | Monk |
| 24:08 | Investigar | Town Watch |
| 24:25 | Investigar | Chain Mail Armor |
| 24:27 | Crear | Villager (Male) |
| 24:35 | Crear | Villager (Male) |
| 24:59 | Construir | Settlement |
| 25:03 | Crear | Unit 2586 |
| 25:03 | Crear | Unit 2586 |
| 25:10 | Construir | Barracks |
| 25:17 | Crear | Villager (Male) |
| 25:17 | Crear | Villager (Male) |
| 25:23 | Construir | Settlement |
| 25:35 | Construir | Farm |
| 25:39 | Construir | Farm |
| 25:43 | Construir | Farm |
| 25:44 | Construir | Farm |
| 25:46 | Construir | Farm |
| 25:48 | Construir | Farm |
| 25:50 | Construir | Farm |
| 25:56 | Crear | Unit 2586 |
| 25:56 | Crear | Unit 2586 |
| 25:56 | Crear | Unit 2586 |
| 25:57 | Crear | Unit 2586 |
| 25:57 | Crear | Villager (Male) |
| 25:58 | Crear | Villager (Male) |
| 25:59 | Investigar | Wheelbarrow |
| 26:13 | Construir | Barracks |
| 26:37 | Crear | Unit 2586 |
Build order — usqyn
Primeras 150 de 359 acciones detectadas
| 1:16 | Construir | Town Center |
| 1:51 | Construir | Dock |
| 3:12 | Crear | Villager (Male) |
| 3:13 | Crear | Villager (Male) |
| 3:13 | Crear | Villager (Male) |
| 3:13 | Crear | Villager (Male) |
| 3:45 | Investigar | Loom |
| 3:48 | Construir | House |
| 3:49 | Crear | Villager (Male) |
| 3:49 | Crear | Villager (Male) |
| 4:00 | Crear | Villager (Male) |
| 4:00 | Crear | Villager (Male) |
| 4:28 | Crear | Villager (Male) |
| 4:29 | Crear | Villager (Male) |
| 5:03 | Construir | Lumber Camp |
| 5:51 | Crear | Villager (Male) |
| 5:52 | Crear | Villager (Male) |
| 5:52 | Crear | Villager (Male) |
| 6:21 | Crear | Villager (Male) |
| 6:22 | Crear | Villager (Male) |
| 6:27 | Construir | House |
| 6:53 | Construir | House |
| 7:05 | Crear | Fishing Ship |
| 7:05 | Crear | Fishing Ship |
| 7:29 | Crear | Villager (Male) |
| 7:30 | Crear | Villager (Male) |
| 7:54 | Crear | Villager (Male) |
| 8:24 | Crear | Fishing Ship |
| 8:40 | Crear | Villager (Male) |
| 8:46 | Crear | Villager (Male) |
| 9:08 | Crear | Villager (Male) |
| 9:16 | Crear | Fishing Ship |
| 9:19 | Construir | House |
| 9:39 | Crear | Fishing Ship |
| 9:48 | Construir | House |
| 9:51 | Crear | Villager (Male) |
| 10:20 | Crear | Fishing Ship |
| 10:33 | Crear | Villager (Male) |
| 10:56 | Crear | Fishing Ship |
| 11:15 | Construir | Mill |
| 11:27 | Crear | Villager (Male) |
| 11:30 | Crear | Fishing Ship |
| 11:32 | Crear | Villager (Male) |
| 11:46 | Construir | House |
| 12:22 | Crear | Villager (Male) |
| 12:38 | Crear | Fishing Ship |
| 12:58 | Crear | Villager (Male) |
| 13:16 | Investigar | Feudal Age |
| 13:16 | Investigar | Feudal Age |
| 13:25 | Construir | Mill |
| 13:39 | Construir | House |
| 13:43 | Crear | Villager (Male) |
| 13:48 | Crear | Fishing Ship |
| 13:48 | Crear | Villager (Male) |
| 14:32 | Construir | Mining Camp |
| 15:03 | Construir | Dock |
| 15:33 | Edad | Edad Feudal |
| 15:34 | Investigar | Double-Bit Axe |
| 15:34 | Investigar | Double-Bit Axe |
| 15:35 | Investigar | Double-Bit Axe |
| 16:05 | Crear | Villager (Male) |
| 16:28 | Crear | Fire Galley |
| 16:48 | Crear | Villager (Male) |
| 16:50 | Crear | Villager (Male) |
| 17:00 | Crear | Fire Galley |
| 17:11 | Construir | Market |
| 17:48 | Crear | Villager (Male) |
| 18:19 | Crear | Fire Galley |
| 18:21 | Crear | Villager (Male) |
| 18:24 | Construir | Blacksmith |
| 18:46 | Crear | Villager (Male) |
| 19:17 | Investigar | Castle Age |
| 19:46 | Crear | Villager (Male) |
| 20:15 | Crear | Fire Galley |
| 20:15 | Crear | Fire Galley |
| 21:03 | Investigar | Horse Collar |
| 21:06 | Investigar | Gold Mining |
| 21:07 | Investigar | Stone Mining |
| 21:41 | Crear | Fire Galley |
| 21:41 | Crear | Fire Galley |
| 21:57 | Edad | Edad de los Castillos |
| 22:18 | Construir | Town Center |
| 22:23 | Crear | Villager (Male) |
| 22:23 | Crear | Villager (Male) |
| 22:24 | Crear | Villager (Male) |
| 22:24 | Crear | Villager (Male) |
| 22:32 | Construir | House |
| 22:57 | Crear | Villager (Male) |
| 23:05 | Investigar | Bow Saw |
| 23:37 | Crear | Villager (Male) |
| 23:37 | Crear | Villager (Male) |
| 23:37 | Crear | Villager (Male) |
| 23:43 | Crear | Villager (Male) |
| 23:43 | Crear | Villager (Male) |
| 24:05 | Construir | Town Center |
| 24:17 | Crear | Villager (Male) |
| 24:17 | Crear | Villager (Male) |
| 24:34 | Crear | Villager (Male) |
| 24:35 | Crear | Villager (Male) |
| 24:49 | Construir | Lumber Camp |
| 25:06 | Construir | Castle |
| 25:12 | Crear | Villager (Male) |
| 25:13 | Crear | Villager (Male) |
| 25:13 | Crear | Villager (Male) |
| 25:35 | Construir | Mill |
| 25:41 | Crear | Villager (Male) |
| 25:42 | Crear | Villager (Male) |
| 25:42 | Crear | Villager (Male) |
| 25:42 | Crear | Villager (Male) |
| 25:56 | Crear | Villager (Male) |
| 25:56 | Crear | Villager (Male) |
| 26:26 | Construir | Town Center |
| 26:43 | Crear | Villager (Male) |
| 26:44 | Crear | Villager (Male) |
| 26:49 | Investigar | Fletching |
| 27:04 | Construir | House |
| 27:10 | Crear | Villager (Male) |
| 27:11 | Crear | Villager (Male) |
| 27:11 | Crear | Villager (Male) |
| 27:11 | Crear | Villager (Male) |
| 27:17 | Construir | Mill |
| 27:25 | Construir | Farm |
| 27:25 | Construir | Farm |
| 27:25 | Construir | Farm |
| 27:26 | Construir | Farm |
| 27:26 | Construir | Farm |
| 27:26 | Construir | Farm |
| 27:26 | Construir | Farm |
| 27:27 | Construir | Farm |
| 27:27 | Construir | Farm |
| 27:37 | Construir | Lumber Camp |
| 27:51 | Crear | Villager (Male) |
| 27:52 | Crear | Villager (Male) |
| 28:07 | Construir | Lumber Camp |
| 28:09 | Crear | Villager (Male) |
| 28:09 | Crear | Villager (Male) |
| 28:38 | Construir | House |
| 28:40 | Crear | Villager (Male) |
| 28:40 | Crear | Villager (Male) |
| 28:57 | Investigar | Bodkin Arrow |
| 28:58 | Crear | Villager (Male) |
| 28:58 | Crear | Villager (Male) |
| 28:59 | Crear | Villager (Male) |
| 29:32 | Crear | Villager (Male) |
| 29:32 | Crear | Villager (Male) |
| 29:42 | Construir | Farm |
| 29:42 | Construir | Farm |
| 29:42 | Construir | Farm |
| 29:42 | Construir | Farm |
| 29:43 | Construir | Farm |
Build order — [SavBs] VoLB
Primeras 150 de 465 acciones detectadas
| 1:09 | Construir | Town Center |
| 1:16 | Construir | Dock |
| 1:18 | Construir | House |
| 3:05 | Crear | Villager (Male) |
| 3:05 | Crear | Villager (Male) |
| 3:05 | Crear | Villager (Male) |
| 3:25 | Crear | Fishing Ship |
| 3:52 | Construir | House |
| 3:55 | Crear | Villager (Male) |
| 3:56 | Crear | Villager (Male) |
| 4:31 | Crear | Villager (Male) |
| 4:56 | Crear | Fishing Ship |
| 4:56 | Crear | Fishing Ship |
| 5:24 | Crear | Villager (Male) |
| 5:37 | Construir | House |
| 5:41 | Crear | Villager (Male) |
| 6:09 | Crear | Villager (Male) |
| 6:13 | Crear | Fishing Ship |
| 6:14 | Crear | Fishing Ship |
| 6:39 | Crear | Villager (Male) |
| 6:40 | Crear | Villager (Male) |
| 6:40 | Crear | Villager (Male) |
| 6:55 | Construir | House |
| 7:22 | Crear | Villager (Male) |
| 7:38 | Crear | Fishing Ship |
| 7:39 | Crear | Villager (Male) |
| 8:07 | Crear | Villager (Male) |
| 8:37 | Construir | Mill |
| 8:40 | Crear | Villager (Male) |
| 8:47 | Investigar | Loom |
| 9:06 | Crear | Fishing Ship |
| 9:06 | Crear | Fishing Ship |
| 9:21 | Construir | House |
| 9:24 | Crear | Villager (Male) |
| 9:30 | Crear | Villager (Male) |
| 9:52 | Construir | House |
| 10:06 | Investigar | Feudal Age |
| 10:06 | Investigar | Feudal Age |
| 10:13 | Crear | Villager (Male) |
| 10:19 | Construir | Mining Camp |
| 10:46 | Crear | Villager (Male) |
| 11:46 | Construir | Lumber Camp |
| 12:20 | Edad | Edad Feudal |
| 12:33 | Construir | Market |
| 12:50 | Crear | Villager (Male) |
| 13:35 | Crear | Villager (Male) |
| 13:40 | Construir | Blacksmith |
| 13:41 | Crear | Villager (Male) |
| 14:08 | Construir | House |
| 14:09 | Construir | House |
| 14:34 | Investigar | Castle Age |
| 14:34 | Investigar | Castle Age |
| 14:39 | Investigar | Double-Bit Axe |
| 14:39 | Investigar | Double-Bit Axe |
| 15:45 | Construir | House |
| 15:47 | Construir | House |
| 16:03 | Construir | House |
| 16:44 | Crear | Villager (Male) |
| 16:45 | Crear | Villager (Male) |
| 16:59 | Edad | Edad de los Castillos |
| 17:05 | Construir | Town Center |
| 17:16 | Construir | Town Center |
| 17:21 | Investigar | Bow Saw |
| 17:22 | Crear | Villager (Male) |
| 17:30 | Construir | House |
| 17:33 | Construir | House |
| 17:36 | Crear | Villager (Male) |
| 18:51 | Construir | Barracks |
| 19:06 | Crear | Villager (Male) |
| 19:07 | Crear | Villager (Male) |
| 19:23 | Crear | Spearman |
| 19:43 | Crear | Villager (Male) |
| 19:43 | Crear | Villager (Male) |
| 19:44 | Crear | Villager (Male) |
| 19:44 | Crear | Villager (Male) |
| 19:51 | Crear | Spearman |
| 19:54 | Crear | Villager (Male) |
| 19:56 | Crear | Villager (Male) |
| 20:15 | Crear | Villager (Male) |
| 20:18 | Investigar | Horse Collar |
| 20:28 | Crear | Spearman |
| 20:32 | Crear | Villager (Male) |
| 20:33 | Crear | Villager (Male) |
| 20:37 | Construir | Farm |
| 20:39 | Investigar | Heavy Plow |
| 20:39 | Investigar | Heavy Plow |
| 20:42 | Investigar | Wheelbarrow |
| 21:07 | Construir | Farm |
| 21:13 | Construir | Farm |
| 21:15 | Crear | Villager (Male) |
| 21:15 | Crear | Villager (Male) |
| 21:21 | Construir | Lumber Camp |
| 21:27 | Crear | Villager (Male) |
| 21:30 | Construir | Farm |
| 21:44 | Crear | Villager (Male) |
| 21:47 | Construir | Farm |
| 22:06 | Crear | Villager (Male) |
| 22:19 | Construir | Farm |
| 22:22 | Construir | Farm |
| 22:26 | Crear | Villager (Male) |
| 22:26 | Crear | Villager (Male) |
| 22:26 | Crear | Villager (Male) |
| 22:31 | Crear | Villager (Male) ×2 |
| 22:31 | Crear | Villager (Male) ×2 |
| 22:51 | Construir | Lumber Camp |
| 22:55 | Construir | Farm |
| 22:56 | Crear | Villager (Male) ×3 |
| 23:10 | Construir | Farm |
| 23:12 | Crear | Villager (Male) ×2 |
| 23:12 | Crear | Villager (Male) ×2 |
| 23:16 | Construir | Farm |
| 23:18 | Construir | Farm |
| 23:31 | Construir | Farm |
| 23:33 | Crear | Villager (Male) |
| 23:47 | Construir | Town Center |
| 24:01 | Crear | Villager (Male) ×3 |
| 24:01 | Crear | Villager (Male) ×3 |
| 24:06 | Crear | Villager (Male) |
| 24:06 | Crear | Villager (Male) |
| 24:11 | Crear | Villager (Male) |
| 24:11 | Crear | Villager (Male) |
| 24:11 | Crear | Villager (Male) |
| 24:19 | Construir | Outpost |
| 24:21 | Crear | Villager (Male) ×2 |
| 24:21 | Crear | Villager (Male) ×2 |
| 24:28 | Crear | Villager (Male) ×3 |
| 24:29 | Crear | Villager (Male) ×3 |
| 24:33 | Construir | Farm |
| 24:36 | Construir | Farm |
| 24:37 | Crear | Villager (Male) |
| 24:38 | Crear | Villager (Male) |
| 24:48 | Construir | Farm |
| 24:49 | Crear | Villager (Male) |
| 24:49 | Crear | Villager (Male) |
| 24:59 | Construir | Outpost |
| 25:02 | Crear | Villager (Male) ×2 |
| 25:13 | Crear | Villager (Male) |
| 25:13 | Crear | Villager (Male) |
| 25:22 | Construir | Town Center |
| 25:26 | Construir | Farm |
| 25:28 | Construir | Farm |
| 25:29 | Crear | Villager (Male) ×2 |
| 25:29 | Crear | Villager (Male) ×3 |
| 25:30 | Crear | Villager (Male) |
| 25:33 | Construir | Farm |
| 25:35 | Crear | Villager (Male) |
| 25:35 | Crear | Villager (Male) ×2 |
| 25:38 | Construir | Farm |
| 25:45 | Construir | Farm |
| 25:52 | Construir | Outpost |
Build order — 请讲中文,不懂英语。
Primeras 150 de 518 acciones detectadas
| 1:18 | Construir | Town Center |
| 2:54 | Crear | Villager (Male) |
| 2:54 | Crear | Villager (Male) |
| 2:55 | Crear | Villager (Male) |
| 2:55 | Crear | Villager (Male) |
| 2:55 | Crear | Villager (Male) |
| 2:55 | Crear | Villager (Male) |
| 3:44 | Construir | Mill |
| 4:06 | Crear | Villager (Male) |
| 4:06 | Crear | Villager (Male) |
| 4:06 | Crear | Villager (Male) |
| 4:56 | Crear | Villager (Male) |
| 4:56 | Crear | Villager (Male) |
| 4:57 | Crear | Villager (Male) |
| 4:57 | Crear | Villager (Male) |
| 4:57 | Crear | Villager (Male) |
| 4:57 | Crear | Villager (Male) |
| 4:58 | Crear | Villager (Male) |
| 4:59 | Crear | Villager (Male) |
| 5:27 | Crear | Villager (Male) |
| 5:27 | Crear | Villager (Male) |
| 5:27 | Crear | Villager (Male) |
| 5:27 | Crear | Villager (Male) |
| 5:59 | Crear | Villager (Male) |
| 5:59 | Crear | Villager (Male) |
| 6:00 | Crear | Villager (Male) |
| 6:00 | Crear | Villager (Male) |
| 6:09 | Crear | Villager (Male) |
| 6:10 | Crear | Villager (Male) |
| 6:10 | Crear | Villager (Male) |
| 6:20 | Crear | Villager (Male) |
| 6:20 | Crear | Villager (Male) |
| 6:20 | Crear | Villager (Male) |
| 6:20 | Crear | Villager (Male) |
| 6:20 | Crear | Villager (Male) |
| 6:34 | Crear | Villager (Male) |
| 6:34 | Crear | Villager (Male) |
| 6:34 | Crear | Villager (Male) |
| 6:34 | Crear | Villager (Male) |
| 6:34 | Crear | Villager (Male) |
| 7:31 | Crear | Villager (Male) |
| 7:31 | Crear | Villager (Male) |
| 7:31 | Crear | Villager (Male) |
| 7:32 | Crear | Villager (Male) |
| 7:32 | Crear | Villager (Male) |
| 7:32 | Crear | Villager (Male) |
| 7:32 | Crear | Villager (Male) |
| 7:33 | Crear | Villager (Male) |
| 7:33 | Crear | Villager (Male) |
| 7:33 | Crear | Villager (Male) |
| 7:37 | Construir | Lumber Camp |
| 8:32 | Crear | Villager (Male) |
| 9:00 | Investigar | Feudal Age |
| 9:00 | Investigar | Feudal Age |
| 9:01 | Investigar | Feudal Age |
| 10:30 | Construir | Barracks |
| 10:36 | Construir | Barracks |
| 10:43 | Crear | Villager (Male) |
| 10:44 | Crear | Villager (Male) |
| 11:19 | Edad | Edad Feudal |
| 11:30 | Construir | Stable |
| 11:40 | Investigar | Double-Bit Axe |
| 11:41 | Investigar | Double-Bit Axe |
| 11:41 | Investigar | Double-Bit Axe |
| 11:44 | Crear | Villager (Male) |
| 11:44 | Crear | Villager (Male) |
| 12:18 | Crear | Scout Cavalry |
| 12:19 | Crear | Scout Cavalry |
| 12:19 | Crear | Scout Cavalry |
| 12:19 | Crear | Scout Cavalry |
| 12:35 | Construir | Blacksmith |
| 12:38 | Crear | Villager (Male) |
| 12:38 | Crear | Villager (Male) |
| 13:04 | Construir | Mill |
| 13:23 | Crear | Villager (Male) |
| 13:23 | Crear | Villager (Male) |
| 13:42 | Investigar | Forging |
| 13:42 | Investigar | Forging |
| 13:42 | Investigar | Forging |
| 13:56 | Construir | Mill |
| 14:07 | Crear | Villager (Male) |
| 14:07 | Crear | Villager (Male) |
| 14:18 | Construir | Mill |
| 14:24 | Crear | Villager (Male) |
| 14:48 | Investigar | Scale Barding Armor |
| 14:49 | Investigar | Scale Barding Armor |
| 14:49 | Investigar | Scale Barding Armor |
| 14:54 | Crear | Villager (Male) |
| 15:27 | Investigar | Bloodlines |
| 15:28 | Investigar | Bloodlines |
| 15:28 | Investigar | Bloodlines |
| 15:29 | Crear | Villager (Male) |
| 16:32 | Crear | Villager (Male) |
| 16:32 | Crear | Villager (Male) |
| 16:32 | Crear | Villager (Male) |
| 16:32 | Crear | Villager (Male) |
| 16:39 | Construir | Mining Camp |
| 17:58 | Investigar | Castle Age |
| 17:58 | Investigar | Castle Age |
| 17:58 | Investigar | Castle Age |
| 17:58 | Investigar | Castle Age |
| 19:06 | Crear | Villager (Male) |
| 19:06 | Crear | Villager (Male) |
| 20:37 | Investigar | Fletching |
| 20:37 | Investigar | Fletching |
| 20:38 | Investigar | Fletching |
| 20:40 | Investigar | Loom |
| 20:40 | Investigar | Loom |
| 20:40 | Investigar | Loom |
| 20:52 | Edad | Edad de los Castillos |
| 21:01 | Crear | Villager (Male) |
| 21:02 | Crear | Villager (Male) |
| 21:08 | Construir | Town Center |
| 21:14 | Construir | Town Center |
| 21:19 | Investigar | Bow Saw |
| 21:19 | Investigar | Bow Saw |
| 21:20 | Investigar | Bow Saw |
| 21:20 | Investigar | Bow Saw |
| 21:20 | Investigar | Bow Saw |
| 22:01 | Investigar | Horse Collar |
| 22:01 | Investigar | Horse Collar |
| 22:01 | Investigar | Horse Collar |
| 22:46 | Investigar | Wheelbarrow |
| 22:46 | Investigar | Wheelbarrow |
| 22:48 | Crear | Villager (Male) |
| 22:48 | Crear | Villager (Male) |
| 22:48 | Crear | Villager (Male) |
| 23:01 | Crear | Villager (Male) |
| 23:02 | Crear | Villager (Male) |
| 23:02 | Crear | Villager (Male) |
| 23:40 | Crear | Villager (Male) |
| 23:40 | Crear | Villager (Male) |
| 23:40 | Crear | Villager (Male) |
| 23:41 | Crear | Villager (Male) |
| 24:14 | Investigar | Hand Cart |
| 24:15 | Investigar | Hand Cart |
| 24:15 | Investigar | Hand Cart |
| 24:16 | Crear | Villager (Male) |
| 24:16 | Crear | Villager (Male) |
| 24:16 | Crear | Villager (Male) |
| 24:17 | Crear | Villager (Male) |
| 24:17 | Crear | Villager (Male) |
| 24:32 | Construir | Mill |
| 24:42 | Crear | Villager (Male) |
| 24:43 | Crear | Villager (Male) |
| 24:43 | Crear | Villager (Male) |
| 24:48 | Construir | Town Center |
| 24:56 | Crear | Villager (Male) |
| 24:57 | Crear | Villager (Male) |
| 24:57 | Crear | Villager (Male) |
Build order — [SavBs] Der Habicht
Primeras 150 de 523 acciones detectadas
| 0:12 | Construir | Dock |
| 0:32 | Construir | House |
| 0:48 | Crear | Fishing Ship |
| 1:24 | Construir | Town Center |
| 3:12 | Crear | Villager (Male) |
| 3:12 | Crear | Villager (Male) |
| 3:12 | Crear | Villager (Male) |
| 3:17 | Crear | Villager (Male) |
| 3:17 | Crear | Villager (Male) |
| 3:48 | Investigar | Loom |
| 4:08 | Construir | House |
| 4:50 | Crear | Fishing Ship |
| 5:14 | Crear | Villager (Male) |
| 5:14 | Crear | Villager (Male) |
| 5:14 | Crear | Villager (Male) |
| 5:49 | Crear | Fishing Ship |
| 5:56 | Crear | Villager (Male) |
| 5:56 | Crear | Villager (Male) |
| 6:19 | Crear | Villager (Male) |
| 6:19 | Crear | Villager (Male) |
| 6:19 | Crear | Villager (Male) |
| 6:38 | Construir | House |
| 6:45 | Crear | Villager (Male) |
| 6:46 | Crear | Villager (Male) |
| 7:09 | Crear | Villager (Male) |
| 7:09 | Crear | Villager (Male) |
| 7:33 | Crear | Villager (Male) |
| 7:33 | Crear | Villager (Male) |
| 7:44 | Crear | Fishing Ship |
| 8:03 | Construir | House |
| 8:19 | Crear | Villager (Male) |
| 8:19 | Crear | Villager (Male) |
| 8:19 | Crear | Villager (Male) |
| 8:24 | Crear | Fishing Ship |
| 8:42 | Construir | House |
| 8:44 | Crear | Villager (Male) |
| 8:44 | Crear | Villager (Male) |
| 8:45 | Crear | Villager (Male) |
| 8:57 | Crear | Villager (Male) |
| 9:15 | Crear | Fishing Ship |
| 9:36 | Crear | Villager (Male) |
| 9:36 | Crear | Villager (Male) |
| 9:36 | Crear | Villager (Male) |
| 9:59 | Construir | Mill |
| 10:22 | Crear | Villager (Male) |
| 10:47 | Crear | Villager (Male) |
| 11:27 | Investigar | Feudal Age |
| 11:28 | Investigar | Feudal Age |
| 13:31 | Crear | Villager (Male) |
| 13:31 | Crear | Villager (Male) |
| 13:37 | Edad | Edad Feudal |
| 13:43 | Construir | Blacksmith |
| 13:57 | Construir | Market |
| 14:38 | Crear | Villager (Male) |
| 14:38 | Crear | Villager (Male) |
| 15:04 | Crear | Villager (Male) |
| 15:04 | Crear | Villager (Male) |
| 15:04 | Crear | Villager (Male) |
| 15:31 | Investigar | Castle Age |
| 15:31 | Investigar | Castle Age |
| 16:13 | Construir | Mining Camp |
| 17:03 | Construir | House |
| 17:33 | Construir | Palisade Wall |
| 18:11 | Edad | Edad de los Castillos |
| 18:39 | Crear | Villager (Male) |
| 18:39 | Crear | Villager (Male) |
| 18:46 | Construir | Palisade Wall |
| 18:50 | Crear | Villager (Male) |
| 18:50 | Crear | Villager (Male) |
| 19:20 | Construir | Castle |
| 19:52 | Construir | Mining Camp |
| 20:10 | Construir | Stone Wall |
| 20:12 | Construir | Stone Wall |
| 20:24 | Crear | Conquistador |
| 20:25 | Crear | Conquistador |
| 20:25 | Crear | Conquistador |
| 20:35 | Crear | Conquistador |
| 20:35 | Crear | Conquistador |
| 20:35 | Crear | Conquistador |
| 20:36 | Crear | Villager (Male) |
| 20:37 | Crear | Villager (Male) |
| 20:37 | Crear | Villager (Male) |
| 20:37 | Crear | Villager (Male) |
| 20:37 | Crear | Villager (Male) |
| 20:37 | Crear | Villager (Male) |
| 20:46 | Crear | Villager (Male) |
| 20:54 | Construir | House |
| 21:01 | Investigar | Padded Archer Armor |
| 21:02 | Crear | Conquistador |
| 21:03 | Crear | Conquistador |
| 21:22 | Construir | Stone Wall |
| 21:24 | Construir | Stone Wall |
| 21:24 | Construir | Stone Wall |
| 21:31 | Crear | Conquistador |
| 21:31 | Crear | Conquistador |
| 21:32 | Crear | Conquistador |
| 21:36 | Construir | Stone Wall |
| 21:36 | Construir | Stone Wall |
| 21:45 | Construir | Stone Wall |
| 21:56 | Investigar | Leather Archer Armor |
| 22:06 | Crear | Villager (Male) |
| 22:06 | Crear | Villager (Male) |
| 22:13 | Construir | Barracks |
| 22:26 | Construir | Lumber Camp |
| 22:43 | Crear | Villager (Male) |
| 22:51 | Construir | Stable |
| 23:18 | Crear | Villager (Male) |
| 23:18 | Crear | Villager (Male) |
| 23:34 | Investigar | Bloodlines |
| 23:35 | Investigar | Husbandry |
| 24:00 | Crear | Villager (Male) |
| 24:01 | Crear | Villager (Male) |
| 24:01 | Crear | Villager (Male) |
| 24:23 | Crear | Conquistador |
| 24:23 | Crear | Conquistador |
| 24:23 | Crear | Conquistador |
| 24:51 | Construir | Town Center |
| 24:59 | Crear | Villager (Male) |
| 24:59 | Crear | Villager (Male) |
| 25:02 | Crear | Villager (Male) |
| 25:02 | Crear | Villager (Male) |
| 25:44 | Crear | Conquistador |
| 25:44 | Crear | Conquistador |
| 26:01 | Investigar | Horse Collar |
| 26:12 | Crear | Conquistador |
| 26:12 | Crear | Conquistador |
| 26:12 | Crear | Conquistador |
| 27:05 | Crear | Villager (Male) |
| 27:05 | Crear | Villager (Male) |
| 27:06 | Construir | Farm |
| 27:06 | Construir | Farm |
| 27:06 | Construir | Farm |
| 27:07 | Construir | Farm |
| 27:07 | Construir | Farm |
| 27:07 | Construir | Farm |
| 27:07 | Construir | Farm |
| 27:07 | Construir | Farm |
| 27:45 | Crear | Villager (Male) |
| 27:45 | Crear | Villager (Male) |
| 27:52 | Crear | Villager (Male) |
| 27:52 | Crear | Villager (Male) |
| 27:52 | Crear | Villager (Male) |
| 27:52 | Crear | Villager (Male) |
| 27:58 | Investigar | Double-Bit Axe |
| 28:09 | Crear | Villager (Male) |
| 28:09 | Crear | Villager (Male) |
| 28:16 | Construir | Town Center |
| 28:21 | Crear | Villager (Male) |
| 28:31 | Construir | Farm |
| 28:39 | Crear | Villager (Male) |
Build order — ulan88
Primeras 150 de 237 acciones detectadas
| 1:18 | Construir | Town Center |
| 2:36 | Construir | House |
| 2:58 | Crear | Villager (Male) |
| 2:58 | Crear | Villager (Male) |
| 2:58 | Crear | Villager (Male) |
| 2:59 | Crear | Villager (Male) |
| 2:59 | Crear | Villager (Male) |
| 3:10 | Construir | Dock |
| 4:06 | Crear | Fishing Ship |
| 4:18 | Construir | House |
| 4:27 | Investigar | Loom |
| 5:12 | Crear | Fishing Ship |
| 5:30 | Crear | Fishing Ship |
| 6:00 | Crear | Villager (Male) |
| 6:42 | Crear | Villager (Male) |
| 6:44 | Crear | Villager (Male) |
| 6:53 | Crear | Fishing Ship |
| 7:12 | Crear | Villager (Male) |
| 7:25 | Crear | Fishing Ship |
| 7:50 | Construir | House |
| 8:42 | Crear | Villager (Male) |
| 8:44 | Crear | Fishing Ship |
| 8:51 | Construir | House |
| 8:54 | Crear | Villager (Male) |
| 9:12 | Crear | Villager (Male) |
| 9:40 | Construir | Mill |
| 9:42 | Crear | Villager (Male) |
| 10:11 | Crear | Villager (Male) |
| 11:04 | Crear | Villager (Male) |
| 11:17 | Construir | House |
| 11:39 | Investigar | Feudal Age |
| 11:39 | Investigar | Feudal Age |
| 11:40 | Investigar | Feudal Age |
| 11:47 | Construir | House |
| 12:02 | Construir | Mining Camp |
| 13:12 | Construir | House |
| 13:49 | Edad | Edad Feudal |
| 14:20 | Crear | Villager (Male) |
| 14:45 | Construir | Blacksmith |
| 14:58 | Construir | Market |
| 15:02 | Crear | Villager (Male) |
| 15:36 | Crear | Villager (Male) |
| 15:55 | Investigar | Tech 906 |
| 16:09 | Investigar | Castle Age |
| 16:10 | Investigar | Castle Age |
| 16:22 | Construir | Mining Camp |
| 16:43 | Construir | Lumber Camp |
| 17:02 | Investigar | Stone Mining |
| 17:16 | Investigar | Double-Bit Axe |
| 18:49 | Edad | Edad de los Castillos |
| 19:00 | Crear | Villager (Male) |
| 19:09 | Construir | Town Center |
| 19:23 | Crear | Villager (Male) |
| 19:57 | Crear | Villager (Male) |
| 20:11 | Crear | Villager (Male) |
| 20:21 | Crear | Villager (Male) |
| 20:22 | Crear | Villager (Male) |
| 20:34 | Crear | Villager (Male) |
| 20:39 | Crear | Villager (Male) |
| 20:42 | Crear | Villager (Male) |
| 20:58 | Construir | Town Center |
| 21:04 | Crear | Villager (Male) |
| 21:37 | Crear | Villager (Male) |
| 21:52 | Construir | Farm |
| 21:52 | Construir | Farm |
| 22:17 | Crear | Villager (Male) |
| 22:22 | Construir | Farm |
| 22:34 | Crear | Villager (Male) |
| 22:34 | Crear | Villager (Male) |
| 22:40 | Crear | Villager (Male) |
| 22:40 | Crear | Villager (Male) |
| 22:42 | Crear | Villager (Male) |
| 22:44 | Crear | Villager (Male) |
| 22:44 | Crear | Villager (Male) |
| 22:49 | Investigar | Bow Saw |
| 23:15 | Crear | Villager (Male) |
| 23:15 | Crear | Villager (Male) |
| 23:17 | Crear | Villager (Male) |
| 23:20 | Investigar | Wheelbarrow |
| 23:22 | Crear | Villager (Male) |
| 23:37 | Investigar | Horse Collar |
| 23:38 | Investigar | Horse Collar |
| 24:31 | Crear | Villager (Male) |
| 24:31 | Crear | Villager (Male) |
| 24:40 | Crear | Villager (Male) |
| 25:02 | Crear | Villager (Male) |
| 25:16 | Crear | Villager (Male) |
| 25:29 | Investigar | Fletching |
| 25:29 | Investigar | Fletching |
| 25:57 | Crear | Villager (Male) |
| 26:08 | Investigar | Heavy Plow |
| 26:27 | Investigar | Gold Mining |
| 26:56 | Construir | Town Center |
| 27:44 | Crear | Villager (Male) |
| 27:50 | Crear | Villager (Male) |
| 28:35 | Investigar | Bodkin Arrow |
| 28:35 | Investigar | Bodkin Arrow |
| 28:36 | Investigar | Bodkin Arrow |
| 29:19 | Construir | Castle |
| 29:39 | Crear | Villager (Male) |
| 30:02 | Crear | Villager (Male) |
| 30:33 | Crear | Villager (Male) |
| 30:34 | Crear | Villager (Male) |
| 30:37 | Crear | Villager (Male) |
| 30:38 | Crear | Villager (Male) |
| 30:41 | Crear | Villager (Male) |
| 30:42 | Crear | Villager (Male) |
| 30:42 | Crear | Villager (Male) |
| 31:34 | Construir | Farm |
| 31:34 | Construir | Farm |
| 31:34 | Construir | Farm |
| 31:51 | Construir | Town Center |
| 32:06 | Crear | Villager (Male) |
| 32:23 | Investigar | Anarchy |
| 32:24 | Investigar | Anarchy |
| 33:13 | Crear | Villager (Male) |
| 33:31 | Crear | Villager (Male) |
| 34:18 | Construir | Barracks |
| 34:20 | Construir | Barracks |
| 34:23 | Crear | Villager (Male) |
| 34:42 | Investigar | Imperial Age |
| 34:42 | Investigar | Imperial Age |
| 34:42 | Investigar | Imperial Age |
| 35:23 | Investigar | Squires |
| 35:23 | Investigar | Squires |
| 35:38 | Construir | Barracks |
| 35:38 | Construir | Barracks |
| 35:38 | Construir | Barracks |
| 35:39 | Construir | Barracks |
| 35:40 | Construir | Barracks |
| 35:55 | Construir | Farm |
| 35:55 | Construir | Farm |
| 35:55 | Construir | Farm |
| 35:56 | Construir | Farm |
| 35:56 | Construir | Farm |
| 35:56 | Construir | Farm |
| 35:56 | Construir | Farm |
| 35:56 | Construir | Farm |
| 36:00 | Crear | Villager (Male) |
| 36:01 | Crear | Villager (Male) |
| 36:03 | Investigar | Hand Cart |
| 36:59 | Construir | Farm |
| 36:59 | Construir | Farm |
| 36:59 | Construir | Farm |
| 37:01 | Construir | Farm |
| 37:02 | Construir | Farm |
| 37:03 | Construir | Farm |
| 37:03 | Construir | Farm |
| 37:03 | Construir | Farm |
| 37:13 | Construir | Mining Camp |
Build order — MarcoPolo
Primeras 150 de 378 acciones detectadas
| 1:17 | Construir | Town Center |
| 2:39 | Construir | House |
| 3:07 | Crear | Villager (Male) |
| 3:07 | Crear | Villager (Male) |
| 3:08 | Crear | Villager (Male) |
| 3:08 | Crear | Villager (Male) |
| 3:08 | Crear | Villager (Male) |
| 3:21 | Construir | Dock |
| 4:17 | Crear | Fishing Ship |
| 4:33 | Investigar | Loom |
| 5:01 | Construir | House |
| 5:03 | Crear | Villager (Male) |
| 5:43 | Crear | Villager (Male) |
| 5:43 | Crear | Villager (Male) |
| 5:50 | Crear | Fishing Ship |
| 6:10 | Crear | Villager (Male) |
| 6:11 | Crear | Villager (Male) |
| 6:23 | Construir | House |
| 6:24 | Crear | Villager (Male) |
| 6:25 | Crear | Villager (Male) |
| 6:37 | Crear | Fishing Ship |
| 7:12 | Crear | Villager (Male) |
| 7:13 | Crear | Villager (Male) |
| 7:13 | Crear | Villager (Male) |
| 7:28 | Crear | Villager (Male) |
| 7:28 | Crear | Villager (Male) |
| 7:31 | Crear | Fishing Ship |
| 7:44 | Construir | House |
| 7:52 | Crear | Villager (Male) |
| 7:53 | Crear | Villager (Male) |
| 8:15 | Crear | Villager (Male) |
| 8:15 | Crear | Villager (Male) |
| 8:16 | Crear | Villager (Male) |
| 8:46 | Crear | Villager (Male) |
| 9:10 | Construir | Lumber Camp |
| 9:38 | Crear | Villager (Male) |
| 10:11 | Investigar | Feudal Age |
| 10:49 | Construir | Dock |
| 10:58 | Crear | Villager (Male) |
| 11:04 | Construir | House |
| 11:58 | Construir | Dock |
| 12:01 | Crear | Villager (Male) |
| 12:21 | Edad | Edad Feudal |
| 12:22 | Crear | Galley |
| 12:25 | Crear | Galley |
| 12:31 | Crear | Galley |
| 12:34 | Crear | Villager (Male) |
| 12:39 | Investigar | Double-Bit Axe |
| 12:54 | Crear | Galley |
| 13:00 | Crear | Villager (Male) |
| 13:15 | Crear | Galley |
| 13:28 | Crear | Villager (Male) |
| 13:34 | Crear | Galley |
| 13:41 | Construir | House |
| 13:56 | Investigar | Town Watch |
| 13:59 | Construir | House |
| 14:06 | Crear | Galley |
| 14:11 | Crear | Galley |
| 14:13 | Crear | Villager (Male) |
| 14:41 | Construir | Blacksmith |
| 14:42 | Crear | Villager (Male) |
| 14:59 | Crear | Villager (Male) |
| 15:37 | Crear | Galley |
| 15:38 | Crear | Galley |
| 15:38 | Crear | Galley |
| 16:01 | Crear | Villager (Male) |
| 16:05 | Crear | Galley |
| 16:06 | Crear | Galley |
| 16:27 | Crear | Villager (Male) |
| 16:31 | Construir | House |
| 16:44 | Investigar | Fletching |
| 16:44 | Crear | Galley |
| 16:45 | Crear | Galley |
| 17:04 | Crear | Galley |
| 19:07 | Crear | Villager (Male) |
| 19:08 | Crear | Villager (Male) |
| 19:09 | Crear | Villager (Male) |
| 19:43 | Crear | Villager (Male) |
| 20:22 | Crear | Villager (Male) |
| 20:40 | Crear | Villager (Male) |
| 20:44 | Construir | House |
| 21:05 | Investigar | Wheelbarrow |
| 21:27 | Construir | Mill |
| 22:08 | Construir | Market |
| 22:11 | Crear | Villager (Male) |
| 22:59 | Investigar | Castle Age |
| 25:55 | Edad | Edad de los Castillos |
| 26:00 | Construir | Town Center |
| 26:03 | Crear | Villager (Male) |
| 26:03 | Crear | Villager (Male) |
| 26:03 | Crear | Villager (Male) |
| 26:12 | Investigar | War Galley (upgrade) |
| 26:23 | Crear | Villager (Male) |
| 26:23 | Crear | Villager (Male) |
| 26:51 | Construir | Town Center |
| 27:18 | Construir | Siege Workshop |
| 27:25 | Crear | Villager (Male) |
| 27:25 | Crear | Villager (Male) |
| 27:25 | Crear | Villager (Male) |
| 27:48 | Construir | Mining Camp |
| 27:50 | Crear | Villager (Male) |
| 27:50 | Crear | Villager (Male) |
| 27:50 | Crear | Villager (Male) |
| 28:49 | Construir | Monastery |
| 28:50 | Crear | Villager (Male) |
| 28:50 | Crear | Villager (Male) |
| 28:50 | Crear | Villager (Male) |
| 28:51 | Crear | Villager (Male) |
| 28:55 | Crear | Villager (Male) |
| 28:56 | Crear | Villager (Male) |
| 29:05 | Crear | Villager (Male) |
| 29:18 | Construir | House |
| 29:37 | Crear | Villager (Male) |
| 29:37 | Crear | Villager (Male) |
| 29:37 | Crear | Villager (Male) |
| 29:47 | Crear | Scorpion |
| 29:48 | Crear | Scorpion |
| 29:52 | Construir | House |
| 30:01 | Construir | Town Center |
| 30:08 | Crear | Monk |
| 30:12 | Construir | House |
| 30:15 | Construir | House |
| 30:17 | Construir | House |
| 30:19 | Crear | Villager (Male) |
| 30:43 | Construir | House |
| 30:46 | Construir | House |
| 30:52 | Investigar | Hand Cart |
| 30:59 | Crear | Villager (Male) |
| 31:00 | Crear | Villager (Male) |
| 31:00 | Crear | Villager (Male) |
| 31:00 | Crear | Villager (Male) |
| 31:02 | Crear | Villager (Male) |
| 31:02 | Crear | Villager (Male) |
| 31:39 | Construir | House |
| 31:40 | Crear | Villager (Male) |
| 31:41 | Crear | Villager (Male) |
| 31:42 | Crear | Villager (Male) |
| 31:47 | Construir | House |
| 31:56 | Construir | House |
| 31:59 | Construir | House |
| 32:01 | Crear | Villager (Male) |
| 32:01 | Crear | Villager (Male) |
| 32:03 | Crear | Villager (Male) |
| 32:09 | Construir | Farm |
| 32:14 | Construir | Farm |
| 32:21 | Construir | Farm |
| 32:35 | Crear | Villager (Male) |
| 33:02 | Crear | Villager (Male) |
| 33:06 | Crear | Villager (Male) |
| 33:06 | Crear | Villager (Male) |
Cronología de la partida
| 0:12 | [SavBs] Der Habicht · first_building Dock |
| 0:55 | DaDong · first_building Dock |
| 1:06 | AOE2 GENERAL · first_building Dock |
| 1:16 | [SavBs] VoLB · first_building Dock |
| 1:51 | usqyn · first_building Dock |
| 3:10 | ulan88 · first_building Dock |
| 3:21 | MarcoPolo · first_building Dock |
| 10:30 | 请讲中文,不懂英语。 · first_building Barracks |
| 11:19 | 请讲中文,不懂英语。 · age_up feudal |
| 11:30 | 请讲中文,不懂英语。 · first_building Stable |
| 12:20 | [SavBs] VoLB · age_up feudal |
| 12:21 | MarcoPolo · age_up feudal |
| 13:37 | [SavBs] Der Habicht · age_up feudal |
| 13:49 | ulan88 · age_up feudal |
| 14:08 | DaDong · age_up feudal |
| 15:33 | usqyn · age_up feudal |
| 15:34 | AOE2 GENERAL · age_up feudal |
| 16:09 | DaDong · first_building Barracks |
| 16:35 | AOE2 GENERAL · first_building Barracks |
| 16:59 | [SavBs] VoLB · age_up castle |
| 17:32 | AOE2 GENERAL · first_building Stable |
| 17:33 | [SavBs] Der Habicht · wall_segment Palisade Wall x10 |
| 17:45 | DaDong · age_up castle |
| 18:11 | [SavBs] Der Habicht · age_up castle |
| 18:46 | [SavBs] Der Habicht · wall_segment Palisade Wall x5 |
| 18:49 | ulan88 · age_up castle |
| 18:51 | [SavBs] VoLB · first_building Barracks |
| 19:13 | [SavBs] Der Habicht · first_market_sell 100 food |
| 19:14 | [SavBs] Der Habicht · first_market_buy 100 stone |
| 19:20 | [SavBs] Der Habicht · first_building Castle |
| 19:54 | AOE2 GENERAL · age_up castle |
| 20:10 | [SavBs] Der Habicht · wall_segment Stone Wall x5 |
| 20:12 | [SavBs] Der Habicht · wall_segment Stone Wall x11 |
| 20:26 | DaDong · first_building Siege Workshop |
| 20:52 | 请讲中文,不懂英语。 · age_up castle |
| 21:22 | [SavBs] Der Habicht · wall_segment Stone Wall x7 |
| 21:24 | [SavBs] Der Habicht · wall_segment Stone Wall x3 |
| 21:24 | [SavBs] Der Habicht · wall_segment Stone Wall x1 |
| 21:36 | [SavBs] Der Habicht · wall_segment Stone Wall x3 |
| 21:36 | [SavBs] Der Habicht · wall_segment Stone Wall x2 |
| 21:45 | [SavBs] Der Habicht · wall_segment Stone Wall x6 |
| 21:57 | usqyn · age_up castle |
| 22:13 | [SavBs] Der Habicht · first_building Barracks |
| 22:30 | [SavBs] VoLB · first_market_sell 100 wood |
| 22:30 | [SavBs] VoLB · first_market_buy 100 food |
| 22:51 | [SavBs] Der Habicht · first_building Stable |
| 23:04 | AOE2 GENERAL · first_building Castle |
| 23:04 | DaDong · first_building Monastery |
| 25:06 | usqyn · first_building Castle |
| 25:55 | MarcoPolo · age_up castle |
| 26:58 | 请讲中文,不懂英语。 · first_building Archery Range |
| 27:09 | DaDong · first_market_sell 100 food |
| 27:18 | MarcoPolo · first_building Siege Workshop |
| 27:31 | [SavBs] VoLB · first_building Stable |
| 28:49 | MarcoPolo · first_building Monastery |
| 28:59 | 请讲中文,不懂英语。 · first_building Castle |
| 29:19 | ulan88 · first_building Castle |
| 29:25 | [SavBs] VoLB · first_building Monastery |
| 33:40 | DaDong · first_market_buy 100 stone |
| 34:10 | [SavBs] VoLB · age_up imperial |
| 34:18 | ulan88 · first_building Barracks |
| 36:26 | DaDong · first_building Archery Range |
| 36:57 | usqyn · age_up imperial |
| 37:19 | 请讲中文,不懂英语。 · age_up imperial |
| 37:29 | DaDong · age_up imperial |
| 37:52 | ulan88 · age_up imperial |
| 38:04 | [SavBs] VoLB · first_building Castle |
| 38:08 | DaDong · first_building Castle |
| 38:58 | usqyn · first_building Barracks |
| 39:02 | [SavBs] Der Habicht · age_up imperial |
| 39:30 | AOE2 GENERAL · first_building Siege Workshop |
| 41:04 | MarcoPolo · first_building Barracks |
| 41:44 | AOE2 GENERAL · age_up imperial |
| 41:54 | MarcoPolo · first_building Stable |
| 42:20 | MarcoPolo · first_market_sell 100 food |
| 44:39 | 请讲中文,不懂英语。 · first_market_sell 100 wood |
| 44:40 | 请讲中文,不懂英语。 · first_market_buy 100 food |
| 45:07 | [SavBs] Der Habicht · first_building Archery Range |
| 45:31 | MarcoPolo · age_up imperial |
| 46:46 | 请讲中文,不懂英语。 · resign |
| 46:49 | MarcoPolo · first_building Castle |
[ ANÁLISIS IA · 1 CRÉDITO ]
¿Qué pasó realmente en esta partida?
Wolo.gg analiza cada decisión: build order, eco, micro, errores típicos por bracket. Análisis personalizado por WhatsApp o Discord en 30 segundos.
Guía civ
Francos
Perfil
Jugador #20304294